 Dungeon Crawl Stone Soup version 0.26.0-11-g8f856b5395 (webtiles) character file.

Game seed: 3574794734686536454

87 jiml777 the Skirmisher (level 4, -14/37 HPs)
             Began as a Demonspawn Abyssal Knight on Jan 15, 2021.
             Was a Believer of Lugonu.
             Demolished by Menkaure (22 damage)
             ... on level 6 of the Dungeon.
             The game lasted 00:08:34 (3296 turns).

jiml777 the Skirmisher (Demonspawn Abyssal Knight)  Turns: 3296, Time: 00:08:34

Health: -14/37     AC:  2    Str: 13    XL:     4   Next: 28%
Magic:  6/6        EV:  9    Int: 14    God:    Lugonu [**....]
Gold:   101        SH:  5    Dex: 12    Spells: 3/3 levels left

rFire    . . .     SeeInvis .   a - +2 hand axe
rCold    . . .     Faith    .   (no shield)
rNeg     . . .     Spirit   .   p - +0 scale mail
rPois    .         Reflect  +   (helmet restricted)
rElec    .         Harm     .   (no cloak)
rCorr    .         Rampage  .   (no gloves)
Will     .....                  (no boots)
Stlth    ..........             n - amulet of reflection
HPRegen  0.12/turn              c - ring of wizardry
MPRegen  0.10/turn              q - -4 ring of protection (curse)

@: no status effects
A: horns 1, miasma immunity
a: Renounce Religion, Depart the Abyss, Bend Space


You were on level 6 of the Dungeon.
You worshipped Lugonu.
Lugonu was pleased with you.
You visited 1 branch of the dungeon, and saw 4 of its levels.
You visited the Abyss 1 time.

You collected 101 gold pieces.

Inventory:

Hand Weapons
 a - a +2 hand axe (weapon)
Missiles
 d - 139 stones
 j - 35 sling bullets
 m - 44 arrows
 s - 16 poisoned darts
Armour
 p - a +0 scale mail (worn)
Jewellery
 c - a ring of wizardry (left hand)
 h - an uncursed amulet of guardian spirit
 n - an amulet of reflection (around neck)
 q - a cursed -4 ring of protection (right hand)
 t - an uncursed amulet of the acrobat
Scrolls
 u - a scroll of identify
Potions
 b - 2 potions of curing
 e - a potion of cancellation
 f - a potion of degeneration {unknown}
 g - a potion of magic {unknown}
 i - a potion of mutation {unknown}
 k - 2 potions of haste {unknown}
 l - a potion of brilliance {unknown}
 o - a potion of resistance {unknown}
 r - a potion of ambrosia {unknown}


   Skills:
 + Level 3.8 Fighting
 + Level 2.3 Axes
 + Level 2.7 Armour
 + Level 1.1 Dodging
 + Level 0.5 Stealth
 + Level 0.1 Shields
 + Level 2.8 Invocations


You had 3 spell levels left.
You didn't know any spells.
Your spell library was empty.

Dungeon Overview and Level Annotations

Branches:
Dungeon (3/15)

Altars:
Ashenzari

Annotations:
D:6 Menkaure


Innate Abilities, Weirdness & Mutations

You have a pair of small horns on your head.
You are immune to miasma.


Message History

Menkaure is severely damaged.
Menkaure barely misses you.
You hit Menkaure.
Menkaure is almost destroyed.
You block Menkaure's attack.
You hit Menkaure but do no damage.
Menkaure is almost destroyed.
Menkaure calls on the powers of darkness!
Your body is wracked with pain!
You hit Menkaure but do no damage.
Menkaure is almost destroyed.
Menkaure points at you and mumbles some strange words.
Pain shoots through your body!
* * * LOW HITPOINT WARNING * * *
You closely miss Menkaure.
You headbutt Menkaure, but do no damage.
Menkaure is almost destroyed.
Menkaure hits you!!
Ouch! That really hurt!
You die...

#......# #.#....#
#.##...#####...
##..............
#......#..###...
#.###..#.....
#.#....##.###.#
#.....#.....
#@..[.#.....
#..M.........[..
#+####.#.#.....#.
...##.$.... ##.##
##### #.# #..


You could see Menkaure.

Vanquished Creatures
  3 adders (D:2)
  A worm (D:2)
  A dart slug (D:2)
  4 leopard geckos
  5 bats
  2 giant cockroaches
  8 goblins
  6 hobgoblins
  4 jackals (D:1)
  2 ball pythons
  A frilled lizard (D:2)
  4 kobolds
  7 rats
48 creatures vanquished.

Notes
Turn   | Place    | Note
-------+----------+-------------------------------------------
     0 | Abyss:1  | jiml777 the Demonspawn Abyssal Knight began the quest for
                  | the Orb.
     0 | Abyss:1  | Reached XP level 1. HP: 18/18 MP: 2/2
    19 | D:1      | Escaped the Abyss
   309 | D:1      | Gained mutation: You are immune to miasma. [demonic
                  | ancestry]
   309 | D:1      | Reached XP level 2. HP: 19/24 MP: 3/3
   682 | D:1      | Reached skill level 1 in Dodging
  1085 | D:1      | Reached XP level 3. HP: 29/29 MP: 5/5
  1144 | D:1      | Reached ** piety under Lugonu
  1747 | D:2      | Found a broken altar of Ashenzari.
  2535 | D:2      | Found a faded altar of an unknown god.
  2706 | D:2      | Gained mutation: You have a pair of small horns on your
                  | head. [demonic ancestry]
  2706 | D:2      | Reached XP level 4. HP: 28/37 MP: 6/6
  3280 | D:3      | You fall into a shaft and drop 3 floors!
  3285 | D:6      | Noticed Menkaure
  3296 | D:6      | Demolished by Menkaure

Illustrated notes

Levels and vault maps discovered:
D:1:      wheals_arrival_linesprint, layout_loops_cross
D:2:      layout_loops_ring, lemuel_crystal_altar,
          chequers_ecumenical_altar_simple
D:3:      layout_loops_corners, uniq_sigmund, uniq_terence
D:6:      layout_loops_ring, kennysheep_little_box, kennysheep_mini_moat,
          fiery_altar_vehumet, serial_shops, nicolae_shop_behind_doors,
          fedhas_ov_isle_minmay, uniq_menkaure, uniq_pikel, uniq_prince_ribbit1,
          uniq_duvessa

Skill      XL: |  1  2 |
---------------+-------+-----
Armour         | 2 |  2.7
Axes           | 2 |  2.3
Dodging        | 1 |  1.1
Fighting       | |  3.8
Stealth        | |  0.5
Shields        | |  0.1
Invocations    | |  2.8

Action                   |  1- 3 |  4- 6 || total
-------------------------+-------+-------++-------
Melee: Hand axe          |   164 |    14 ||   178
       Headbutt          |       |     3 ||     3
  Use: Scroll            |     5 |       ||     5
 Stab: Sleeping          |     1 |       ||     1
Armor: Leather armour    |    26 |       ||    26
       Scale mail        |    15 |     2 ||    17
Dodge: Dodged            |    97 |     7 ||   104
Block: Other             |    10 |     3 ||    13
